Cogmind - Beta 17 @@@ ROGUE MODE // 2026.07.21 @ 10:27:55 Player: Blaf Result: Destroyed by X-67 Chaingunner with Minigun Performance ------------- Evolutions (3) 1500 Regions Visited (4) 800 Robots Destroyed (77) 385 Value Destroyed (2041) 2041 Prototype IDs (3) 60 Alien Tech Used (0) 0 Bonus (30) 30 TOTAL SCORE: 4816 Bonus ------- High Alert Combat Kills 30 Cogmind --------- Core Integrity 0/700 Matter 300/300 Energy 99/100 System Corruption 3% Temperature Cool (0) Movement Core (50) Location -7/Factory Parts ------- > --- POWER (2) -------- (None) > --- PROPULSION (3) --- (None) > --- UTILITY (4) ------ (None) > --- WEAPON (4) ------- (None) > --- INVENTORY (5) ---- (None) Peak State ------------ > --- POWER ------------ Ion Engine Micro Nuclear Core > --- PROPULSION ------- Aluminum Leg Aluminum Leg > --- UTILITY ---------- Medium Storage Unit Advanced ECM Suite Weapon Shielding Improved Shield Generator > --- WEAPON ----------- Assault Rifle Assault Rifle Precision Assault Rifle Improved Grenade Launcher > --- INVENTORY -------- Aluminum Leg Aluminum Leg Carbon-fiber Leg Armored Wheel Transmission Jammer Light Assault Rifle Light Assault Rifle Gauss Rifle Precision Grenade Launcher [Rating: 29] Favorites ----------- Power Ion Engine Engine Ion Engine Power Core Light Nuclear Core Propulsion Aluminum Leg Leg Aluminum Leg Wheel Compact Wheel Utility Medium Storage Unit Device Improved Shield Generator Storage Medium Storage Unit Protection Light Armor Plating Weapon Assault Rifle Ballistic Gun Assault Rifle Launcher Improved Grenade Launcher Build | -11 -10 -9 -8 -7 ------- Run | Yrd Mat Mat Mat Fac Slots Evolved 6 | . . 2 2 2 Power 1 | . . . . 1 Propulsion 1 | . . . 1 . Utility 2 | . . 1 1 . Weapon 2 | . . 1 . 1 Parts Attached 58 | 5 6 6 28 13 Power 10 | 1 1 2 3 3 Engine 7 | 1 1 2 2 1 Core 3 | . . . 1 2 Reactor . | . . . . . Propulsion 14 | 2 . 2 9 1 Treads . | . . . . . Leg 8 | . . . 8 . Wheel 6 | 2 . 2 1 1 Hover . | . . . . . Flight . | . . . . . Utility 13 | 1 . . 8 4 Device 3 | . . . . 3 Storage 3 | 1 . . 2 . Processor . | . . . . . Hackware . | . . . . . Protection 7 | . . . 6 1 Artifact . | . . . . . Weapon 21 | 1 5 2 8 5 Energy Gun . | . . . . . Energy Cannon . | . . . . . Ballistic Gun 18 | 1 3 2 8 4 Ballistic Cannon . | . . . . . Launcher 3 | . 2 . . 1 Special Weapon . | . . . . . Impact Weapon . | . . . . . Slashing Weapon . | . . . . . Piercing Weapon . | . . . . . Special Melee Weapon . | . . . . . Unidentified Prototypes 3 | . . . 1 2 Parts Lost 34 | . 1 3 12 18 Power 4 | . . 1 1 2 Propulsion 12 | . . 2 4 6 Utility 9 | . . . 5 4 Weapon 9 | . 1 . 2 6 Highest Loss Streak 10 | . 1 2 5 10 To Critical Strikes . | . . . . . Average Backups 7 | . 2 6 9 8 Power . | . . . 1 . Propulsion 2 | . 1 2 2 3 Utility . | . . . . . Weapon 3 | . . 3 4 4 Tool/Special . | . . . . . Unused Backups 10 | . . . 2 8 Power 1 | . . . 1 . Propulsion 2 | . . . 1 1 Utility 5 | . . . . 5 Weapon 2 | . . . . 2 Tool/Special . | . . . . . Average Slot Usage (%) 88 | . 81 73 90 92 Engine 10 | . 14 9 6 13 Core 1 | . . . 2 . Leg 16 | . . . 21 21 Wheel 6 | . 28 20 4 . Device 4 | . . . . 11 Storage 9 | . 14 11 10 6 Protection 10 | . . . 17 8 Ballistic Gun 24 | . 21 32 26 22 Launcher 3 | . 2 . . 6 Peak Build Rating 29 | 5 7 7 22 29 Average Rating 17 | 4 5 6 17 24 On Entrance 6 | . 5 6 7 14 Avg Prop Armor Cover (%) . | . . . . . Naked Turns . | . . . . . Heaviest Build 43 | 9 13 12 38 43 Greatest Support 35 | 32 32 32 35 30 Greatest Overweight (x) 6 | . . . 6 2 Average Overweight (x) . | . . . . . Largest Inventory Capacity 10 | 8 8 8 10 10 Average Capacity 9 | 7 8 8 9 9 Most Carried 10 | . 8 8 10 10 Average Carried 7 | . 2 6 9 8 Final Capacity 10 | 8 8 8 10 5 Final Carried 9 | . 8 8 9 . Class Distribution -------------------- 69% | Scavenger-Tank 14% | Gunner 13% | Mutant Dominant Class ---------------- Mutant | -10/Materials Gunner | -9/Materials Scavenger-Tank | -8/Materials Scavenger-Tank | -7/Factory Resources | -11 -10 -9 -8 -7 ----------- Run | Yrd Mat Mat Mat Fac Matter Collected 2166 | 196 184 222 884 680 Remotely . | . . . . . Salvage Created 2611 | . 268 458 1234 651 Parts 171 | . 24 28 66 53 Haulers Intercepted 6 | . 1 2 3 . Recyclers Shooed 5 | . . . 1 4 Parts Field Recycled . | . . . . . Retrieved Matter . | . . . . . Parts Self-Destructed . | . . . . . Prevented . | . . . . . Parts Restored . | . . . . . Kills | -11 -10 -9 -8 -7 ------- Run | Yrd Mat Mat Mat Fac Combat Hostiles Destroyed 58 | . 8 12 22 16 Guns 54 | . 8 12 22 12 AOE 4 | . . . . 4 Classes Destroyed 11 | . 5 1 4 1 Worker 7 | . . . 1 6 Builder 2 | . 1 . . 1 Hauler 6 | . 1 2 3 . Recycler 3 | . . . 1 2 Watcher 1 | . 1 . . . Swarmer 26 | . 6 6 4 10 Grunt 21 | . 2 5 11 3 Brawler 1 | . . 1 . . Sentry 5 | . . . 5 . Hunter 3 | . . . 2 1 Programmer 2 | . . . . 2 Best Kill Streak 8 | . 7 6 6 8 Combat Bots Only 6 | . 5 6 6 6 Max Kills in Single Turn 4 | . 1 2 1 4 Gunslinging 1 | . . 1 . 1 Exploded 3 | . . . . 3 Melee . | . . . . . Uniques/NPCs Destroyed . | . . . . . Combat | -11 -10 -9 -8 -7 -------- Run | Yrd Mat Mat Mat Fac Hostile Shots Fired 462 | . 61 39 164 198 Missed 150 | . 22 17 38 73 Hits 312 | . 39 22 126 125 Projectile 312 | . 39 22 126 125 AOE 2 | . . . . 2 Critical Strikes 7 | . 1 . 3 3 Actively Blocked 1 | . . . 1 . Damage Taken 4482 | . 422 239 1700 2121 Core 1104 | . 205 17 163 719 Absorbed by Shields 252 | . . . . 252 Redirected to Shielding 195 | . . . 145 50 Regen/Repaired (Parts) 44 | . . 44 . . Core Remaining (%) 70 | 100 18 95 70 . Volleys Fired 191 | . 45 30 70 46 Largest 4 | . 2 3 3 4 Hottest 107 | . 50 60 69 107 Shots Fired 507 | . 59 90 209 149 Gun 494 | . 57 90 209 138 Cannon . | . . . . . Launcher 13 | . 2 . . 11 Special . | . . . . . Kinetic 494 | . 57 90 209 138 Thermal . | . . . . . Explosive 13 | . 2 . . 11 Electromagnetic . | . . . . . Robot Hit Streak 14 | . 9 9 14 12 Robot Miss Streak 5 | . 5 4 5 3 Penetration Max . | . . . . . Secondary Targets 8 | . . 4 3 1 Max Gunslinging Chain 1 | . . 1 1 1 Shots Hit Robots 313 | . 34 54 133 92 Core Hits 159 | . 19 28 57 55 Critical Kills 3 | . . . 2 1 Critical Parts Destroyed 4 | . 1 1 1 1 Critical Strikes 7 | . 1 1 3 2 Destroy 7 | . 1 1 3 2 Melee Attacks . | . . . . . Impact . | . . . . . Slashing . | . . . . . Piercing . | . . . . . Sneak Attacks . | . . . . . Combat Hostiles . | . . . . . Follow-up Attacks . | . . . . . Damage Inflicted 5531 | . 314 526 1765 2926 Guns 4028 | . 275 526 1765 1462 Cannons . | . . . . . Explosions 1503 | . 39 . . 1464 Melee . | . . . . . Ramming . | . . . . . Kinetic 4028 | . 275 526 1765 1462 Thermal . | . . . . . Explosive 1503 | . 39 . . 1464 Electromagnetic . | . . . . . Impact . | . . . . . Slashing . | . . . . . Piercing . | . . . . . Highest Corruption 3 | . . 1 . 3 Average Corruption 1 | . . 1 . 1 Corruption Purged . | . . . . . Corruption Blocked . | . . . . . Effects 11 | . . . . 11 Message Errors 3 | . . . . 3 Heat Flow Errors 2 | . . . . 2 Energy Discharges 2 | . . . . 2 Parts Fused 1 | . . . . 1 Data Loss (minor) 1 | . . . . 1 Data Loss (major) 1 | . . . . 1 Alerts 1 | . . . . 1 Overload Shots . | . . . . . Overflow Damage 87 | . . . . 87 Projectiles . | . . . . . Explosions 87 | . . . . 87 Melee . | . . . . . Knockbacks . | . . . . . Impact . | . . . . . Kinetic . | . . . . . Secondary . | . . . . . Self-Inflicted Damage 130 | . 65 . . 65 Shots 4 | . 2 . . 2 Rammed . | . . . . . Targets Rammed . | . . . . . Kicked . | . . . . . Crushed . | . . . . . Highest Temperature 245 | . 16 28 223 245 Average Temperature 41 | . 7 11 50 45 Received Heat Transfer 894 | . 102 87 657 48 Siege Activations . | . . . . . Martial Activations . | . . . . . Shielding Activations . | . . . . . Robots Disrupted . | . . . . . Combat Hostiles . | . . . . . Robots Corrupted . | . . . . . Combat Hostiles . | . . . . . Parts Fried . | . . . . . Impact Corruptions . | . . . . . Robots Melted . | . . . . . Combat Hostiles . | . . . . . Parts Melted . | . . . . . Heat Transferred . | . . . . . Parts Sabotaged . | . . . . . Parts Stolen . | . . . . . Parts Stripped . | . . . . . Power Chain Reactions . | . . . . . Alert | -11 -10 -9 -8 -7 ------- Run | Yrd Mat Mat Mat Fac Maximum Alert Level 2 | . . 1 . 2 Low Security (%) 89 | 100 100 90 100 76 Level 1 5 | . . 9 . 10 Level 2 5 | . . . . 12 Level 3 . | . . . . . Level 4 . | . . . . . Level 5 . | . . . . . High Security . | . . . . . Max Security . | . . . . . Peak Influence 509 | . 139 223 179 509 Initial 93 | . . 22 93 75 Average 78 | . 59 59 71 96 Influence Increases 2049 | . 226 373 697 753 Destroy 0b10 Robot/C 1160 | . 160 240 440 320 Destroy 0b10 Robot/NC 95 | . 15 10 25 45 Destroy Leader 284 | . 34 54 126 70 Successful Hack 29 | . . 24 . 5 Disable Machine 135 | . . . 15 120 Destroy Structure 91 | . 17 . 1 73 Lose Combat Pursuer 255 | . . 45 90 120 Influence Decreases 1643 | . 172 204 753 514 Entered New Map 254 | . . 32 130 92 Time Decay 1046 | . 162 150 503 231 Lost Part 332 | . 10 22 120 180 Purge Threat 11 | . . . . 11 Squads Dispatched 17 | . 3 1 4 9 Investigation 7 | . 2 1 3 1 Extermination 3 | . . . . 3 Reinforcement 4 | . 1 . 1 2 Assault . | . . . . . Garrison 3 | . . . . 3 Intercept . | . . . . . Searches Triggered . | . . . . . Construction Impeded 1 | . . . . 1 Haulers Reinforced . | . . . . . Active Scanning Responses . | . . . . . Cargo Convoy Interrupts 1 | . . . . 1 Stealth | -11 -10 -9 -8 -7 --------- Run | Yrd Mat Mat Mat Fac Distress Signals 7 | . 1 3 2 1 Communications Jammed . | . . . . . Distress Signals . | . . . . . Times Spotted 114 | . 12 23 36 43 Peak Tracking Total 13 | . 3 7 6 13 Tactical Retreats 12 | . . 2 5 5 Traps | -11 -10 -9 -8 -7 ------- Run | Yrd Mat Mat Mat Fac Traps Triggered 1 | . 1 . . . Indirectly . | . . . . . Trap Hack Attempts . | . . . . . Triggered . | . . . . . Disarmed . | . . . . . Reprogrammed . | . . . . . Reused . | . . . . . Traps Extracted . | . . . . . Installed . | . . . . . Triggered . | . . . . . Machines | -11 -10 -9 -8 -7 ---------- Run | Yrd Mat Mat Mat Fac Machines Disabled 9 | . . . 1 8 Max in Single Turn 5 | . . . 1 5 Garrison Access 1 | . . . 1 . Machines Repaired . | . . . . . Machines Dismantled . | . . . . . Machines Sabotaged . | . . . . . Overloaded Fab Kills . | . . . . . Hacking | -11 -10 -9 -8 -7 --------- Run | Yrd Mat Mat Mat Fac Machines Accessed 18 | . 2 5 8 3 Terminals 9 | . 1 2 4 2 Fabricators . | . . . . . Repair Stations 1 | . . 1 . . Recycling Units 5 | . 1 1 2 1 Scanalyzers 2 | . . 1 1 . Garrison Access 1 | . . . 1 . Total Hacks 41 | . 5 13 16 7 Successful 16 | . 1 5 5 5 Failed 25 | . 4 8 11 2 Catastrophic 6 | . 2 . 4 . Database Lockouts . | . . . . . Manual 12 | . 2 4 4 2 Terminals 21 | . 2 4 10 5 Fabricators . | . . . . . Repair Stations 4 | . . 4 . . Recycling Units 10 | . 3 2 3 2 Scanalyzers 5 | . . 3 2 . Garrison Access 1 | . . . 1 . Terminal Hacks 5 | . 1 . . 4 Record 1 | . . . . 1 Unreport Threat 1 | . . . . 1 Recall Investigation 1 | . 1 . . . Zone Layout 2 | . . . . 2 Fabricator Hacks . | . . . . . Repair Station Hacks 2 | . . 2 . . Scan Component 1 | . . 1 . . Repair 1 | . . 1 . . Recycling Unit Hacks 4 | . . 1 2 1 Retrieve Components 4 | . . 1 2 1 Scanalyzer 4 | . . 2 2 . Retrieve Study 4 | . . 2 2 . Garrison Access Hacks 1 | . . . 1 . Seal Access 1 | . . . 1 . Unauthorized Hacks . | . . . . . Terminals . | . . . . . Fabricators . | . . . . . Repair Stations . | . . . . . Recycling Units . | . . . . . Scanalyzers . | . . . . . Garrison Access . | . . . . . Data Cores Recovered . | . . . . . Used . | . . . . . Hacking Detections 15 | . 2 5 6 2 Full Trace Events 9 | . 1 3 4 1 Feedback Events 1 | . . 1 . . Corruption 1 | . . 1 . . Feedback Blocked . | . . . . . Robot Schematics Acquired . | . . . . . Robots Built . | . . . . . Authchips . | . . . . . Time . | . . . . . Total Robot Build Rating . | . . . . . Part Schematics Acquired . | . . . . . Parts Built . | . . . . . Authchips . | . . . . . Time . | . . . . . Total Part Build Rating . | . . . . . Part Studies Acquired 4 | . . 2 2 . Parts Repaired 1 | . . 1 . . Time 13 | . . 13 . . Parts Recycled . | . . . . . Recycled Matter . | . . . . . Retrieved Matter . | . . . . . Retrieved Components 11 | . . . 9 2 Parts Scanalyzed . | . . . . . Part Schematics Acquired . | . . . . . Parts Damaged . | . . . . . Bothacking | -11 -10 -9 -8 -7 ------------ Run | Yrd Mat Mat Mat Fac Used RIF Installer . | . . . . . Robots Hacked . | . . . . . Non-combat . | . . . . . Combat . | . . . . . Robot Hacks Applied . | . . . . . Relay Couplers Released . | . . . . . Fabnet Peak Effective % . | . . . . . Robots Rewired . | . . . . . Allies Hacked . | . . . . . Hacks Repelled . | . . . . . Allies | -11 -10 -9 -8 -7 -------- Run | Yrd Mat Mat Mat Fac Total Allies . | . . . . . Largest Group . | . . . . . Highest-Rated Group . | . . . . . Highest-Rated Ally . | . . . . . Total Orders . | . . . . . Ally Attacks . | . . . . . Total Damage . | . . . . . Kills . | . . . . . Allies Corrupted . | . . . . . Allies Melted . | . . . . . Intel | -11 -10 -9 -8 -7 ------- Run | Yrd Mat Mat Mat Fac Active Infowar (turns) 52 | . . . . 52 Jamming 4 | . . . . 4 ECM 48 | . . . . 48 Robot Analysis Total . | . . . . . Derelict Logs Recovered . | . . . . . Drone Launches . | . . . . . Drone Recoveries . | . . . . . Exploration | -11 -10 -9 -8 -7 ------------- Run | Yrd Mat Mat Mat Fac Turns Passed 4160 | 55 468 356 1560 1721 Spaces Moved 2664 | 48 358 293 1061 904 Core 84 | 1 . . 6 77 Treads . | . . . . . Legs 1577 | . . . 754 823 Wheels 1003 | 47 358 293 301 4 Hover . | . . . . . Flight . | . . . . . Fastest Speed 50 | 50 100 70 70 50 Average Speed 128 | 98 100 83 121 165 Slowest Speed 350 | 100 100 100 350 245 Overloaded Moves . | . . . . . Propulsion Burnouts . | . . . . . Robots Hopped . | . . . . . Potential Cave-ins . | . . . . . Cave-ins Triggered . | . . . . . Exploration Rate (%) 31 | 3 49 27 61 17 Regions Visited 4 Branch Regions . Pre-discovered Areas . | . . . . . Known Exits Taken . | . . . . . Unknown Exits Taken 4 | 1 1 1 1 . Scrap Searched . | . . . . . Spaces Dug . | . . . . . Terrain Destroyed 95 | . 16 . . 79 Melee . | . . . . . Projectile . | . . . . . AOE 95 | . 16 . . 79 Terrain Rammed . | . . . . . Walls Destroyed . | . . . . . Machines Disabled . | . . . . . Actions | -11 -10 -9 -8 -7 --------- Run | Yrd Mat Mat Mat Fac Total 3053 | 52 419 352 1197 1033 Wait 56 | . . 15 8 33 Move 2660 | 47 357 292 1060 904 Hop . | . . . . . Pick Up 33 | . 6 5 9 13 Fast Attach 28 | 5 3 1 15 4 Attach 22 | . 1 4 4 13 Detach 7 | . 2 . 2 3 Swap 16 | . 3 2 11 . Drop 40 | . 2 3 18 17 Fire 191 | . 45 30 70 46 Melee . | . . . . . Ram . | . . . . . Kick . | . . . . . Crush . | . . . . . Escape Stasis . | . . . . . Rewire . | . . . . . Trap . | . . . . . Miscellaneous . | . . . . . Route ------- -11/Scrapyard -10/Materials (discovered 3 exits: *Mat / [*Min] / [*Sub]) -9/Materials -8/Materials -7/Factory History --------- Turn | Location | Event 20 | -11/Scrapyard | Discovered new exit (range 16) 56 | -11/Scrapyard | Entered Materials 57 | -10/Materials | Met a group of wandering Federalists 146 | -10/Materials | Discovered new exit (range 8) 242 | -10/Materials | Core integrity fell below 50% 316 | -10/Materials | Build established: Mutant 326 | -10/Materials | Core integrity fell below 20% 351 | -10/Materials | Discovered new exit (range 9) 502 | -10/Materials | Discovered new exit (range 3) 524 | -10/Materials | Entered another Materials area 524 | -9/Materials | Evolved 2 slots: Utility x1, Weapon x1 789 | -9/Materials | Discovered new exit (range 16) 809 | -9/Materials | Repaired Lgt. Assault Rifle 880 | -9/Materials | Entered another Materials area 880 | -8/Materials | Evolved 2 slots: Propulsion x1, Utility x1 1172 | -8/Materials | Lost 5 parts (3n1u1w) 1486 | -8/Materials | Build established: Scavenger-Tank 2053 | -8/Materials | Lost 3 parts (2u1w) 2071 | -8/Materials | Discovered new exit (range 16) 2349 | -8/Materials | Lost 3 parts (1n2u) 2440 | -8/Materials | Entered Factory 2440 | -7/Factory | Evolved 2 slots: Power x1, Weapon x1 3843 | -7/Factory | Garrison activated, responded to threat 4053 | -7/Factory | Cargo convoy interrupted 4068 | -7/Factory | Core integrity fell below 50% 4098 | -7/Factory | Lost 10 parts (2p3n2u3w) 4154 | -7/Factory | Core integrity fell below 20% 4161 | -7/Factory | Destroyed by X-67 Chaingunner with Minigun Last Messages --------------- 04146_ Penetrated by Slug. 04149_ Slug penetrates Wall. 04151_ Fusion Modulator explodes. 04151_ Terminal disabled. 04151_ Lgt. Assault Rifle+ destroyed. 04151_ Fusion Modulator explodes. 04151_ H-55 Commando destroyed. 04151_ Aluminum Leg+ destroyed. 04151_ Lgt. Assault Rifle+ destroyed. 04151_ Autogun destroyed. 04152_ Penetrated by Slug. 04153_ Aluminum Leg+ destroyed. 04155_ Slug penetrates Wall. 04156_ Penetrated by Slug. 04156_ Adv. ECM Suite destroyed. 04158_ Penetrated by Slug. 04160_ X-67 Chaingunner heat spikes uncontrollably. 04160_ X-67 Chaingunner overheating. 04161_ Transmission Jammer destroyed. Map ----- +----------------------------------------------------+ | ##?????# #???????????##############??????? | | #??????# #???????????# #??????? | | " #???#### #???????????# #??????? | | " #???# #???######### #??????? | | #???# #???# # #??????? | | " #??## ##### # #??????? | | " #### # #??????? | | " " + #??????? | | " # #??????? | | " ######### # #??????? | | " #???????# # #??????? | | #???????## ## #??????? | | " #????????# ## #??????? | | " ########## ####;; #"#"#"###?????? | | " # # ;; """"##????? | | " # # # ; #????? | | " # # # ; #????? | | " ##### # ; #????? | | + # #????? | | ####+##### # # x #????? | | ####### #?# # # #????? | | #######"""" #?# # # #????? | | """ ##"""" #?# #[ # #????? | | "Y" ##"""" #?# ###### ; #????? | | " " ##"""" #?# t " = #????? | | ! ## #?# ########@##"" """"##????? | | #########?# # ###?????? | | ! #?????????# # " "# ######???????? | | #######????????# # ####????????????? | | # ########## # """"""""" #???????????????? | | # + # #???????????????? | | # ############ """"""""" #???????????????? | | # #??????????# #???????????????? | | # #??????????# """"""""" #???????????????? | | !# ] #??????????# #???????????????? | | ######??????????# #???????????????? | | ##???????????????#################???????????????? | | | | | | | | | | | | | | | | | | | | | | | | | | | +----------------------------------------------------+ Best States ------------- Heat Dissipation 34 Energy Generation 20 Energy Capacity 400 Matter Stores 300 Matter Capacity 300 Sight Range 16 Terrain Scan Density 10 ECM Strength 2 Armor Coverage 450 Propulsion Shielding 66 Weapon Shielding 33 Evasion (%) 55 Item Schematics ----------------- None Robot Schematics ------------------ None Fabricated ------------ Nothing Repaired ---------- Lgt. Assault Rifle | 45% | -9/Materials Studied --------- Assault Rifle | -9/Materials | Hacked Wheel | -9/Materials | Hacked Aluminum Leg | -8/Materials | Hacked Lgt. Assault Rifle | -8/Materials | Hacked Alien Tech Used ----------------- None Achievements -------------- None Challenges ------------ None Game ------ Seed PulseVisualRegenerator Manual? 0 Play Time 00:40:44 Cumulative 27.2 hours Start 2026.07.21 @ 09:47:52 End 2026.07.21 @ 10:27:55 Sessions 1 Manual Loads 0 Difficulty Rogue Special Mode None Game No. 44 Rogue 44 Adventurer 0 Explorer 0 Win Type - Total 0 Types 0/0/0/0/0/0/0/0/0/0 Lore% 8 Gallery% 18 Achievement% 17 Wizard Run 0 Options --------- Layout 1 ASCII 0 Keyboard 0 Movement Arrows Keybinds 0 Fullscreen 1 Font 24/Smallcaps Map View 50x35 Zoom Use 0% Tactical HUD 1 Map Filters NONE Filters NONE Steam 1 RUN: 0a48dc98-f628-4afc-9408-f56ea1aa2b8d